 Dungeon Crawl Stone Soup version 0.30.1-11-g7821555f0a (webtiles) character file.

Game seed: 15075763267858222631

7 Valens254 the Magician (level 2, -4/21 HPs)
             Began as a Djinni Hedge Wizard on Nov 1, 2023.
             Slain by a gnoll
             ... wielding a +0 flail
              (11 damage)
             ... on level 1 of the Dungeon.
             The game lasted 00:01:15 (221 turns).

Valens254 the Magician (Djinni Hedge Wizard)         Turns: 221, Time: 00:01:16

Health: -4/21      AC:  2    Str:  9    XL:     2   Next: 10%
Gold:   8          EV: 12    Int: 15    God:
                   SH:  0    Dex: 12

rFire   + + .        a - +0 dagger
rCold   x . .        (no shield)
rNeg    . . .        b - +0 robe
rPois   ∞            c - +0 hat
rElec   .            (no cloak)
rCorr   .            (no gloves)
SInv    .            (boots unavailable)
Will    .....        (no amulet)
Stlth   ++           (no ring)
HPRegen 0.23/turn    (no ring)
MPRegen 0.00/turn

%: infuse magic (-5 HP)
@: flying
A: sickness immunity, fire resistance 2, cold vulnerability 1, float, innate
caster, HP casting, extra vitality 1
a: no special abilities


You were on level 1 of the Dungeon.
You visited 1 branch of the dungeon, and saw 1 of its levels.

You collected 8 gold pieces.

Inventory:

Hand Weapons
 a - a +0 dagger (weapon)
Armour
 b - a +0 robe (worn)
 c - a +0 hat (worn)
Scrolls
 d - a scroll of fog {unknown}
 e - a scroll of torment {unknown}


   Skills:
 - Level 2.1 Dodging
 - Level 1.5 Stealth
 + Level 2.8 Spellcasting


You knew the following spells:

 Your Spells              Type           Power      Damage    Failure   Level
a - Magic Dart            Conj           40%        1d5       6%          1
b - Slow                  Hex            40%        N/A       6%          1
c - Blink                 Tloc           20%        N/A       10%         2
d - Call Imp              Summ           20%        N/A       10%         2
e - Mephitic Cloud        Conj/Pois/Air  10%        N/A       19%         3
Your spell library was empty.

Dungeon Overview and Level Annotations

Branches:
Dungeon (1/15)

Altars:


Innate Abilities, Weirdness & Mutations

You are immune to sickness and miasma.
You are immune to poison.
Your flesh is very heat resistant. (rF++)
You are vulnerable to cold. (rC-)
You float through the air rather than walking.
You learn spells naturally, not from books.
Your magical power is your life essence.
You have superior vitality. (+4 MHP)


Message History

The endoplasm is almost dead.
The endoplasm freezes you.
You are frozen.
You feel a terrible chill!
The magic dart hits the endoplasm.
You kill the endoplasm!
You have reached level 2!
You are too injured to fight recklessly!
You are too injured to fight recklessly!
You are too injured to fight recklessly!
You are too injured to fight recklessly!
Casting: Magic Dart (safe; 6% risk of failure)
Confirm with . or Enter, or press ? or * to list all spells.
Aiming: Magic Dart (safe; 6% risk of failure)
Press: ? - help, Shift-Dir - straight line, f - rat
Aim: a rat (100% to hit)
The magic dart hits the rat.
You kill the rat!
A gnoll comes into view. It is wielding a +0 flail.
The gnoll shouts!
The magic dart hits the gnoll.
The gnoll is lightly wounded.
The magic dart hits the gnoll.
The gnoll is moderately wounded.
The magic dart hits the gnoll.
The gnoll is heavily wounded.
The magic dart hits the gnoll.
The gnoll is severely wounded.
The magic dart hits the gnoll but does no damage.
The gnoll is severely wounded.
The magic dart hits the gnoll.
The gnoll is severely wounded.
The gnoll closely misses you.
You closely miss the gnoll.
The gnoll is severely wounded.
The gnoll hits you with a +0 flail!
You closely miss the gnoll.
The gnoll is severely wounded.
The gnoll hits you with a +0 flail!
Ouch! That really hurt!
You die...

...# ............## ###
......#........#######..
.......................#
.....................###
....).....####.##...##
.....#.........#....#
.###..........##_...####
......g@......#.........
..##..#...###...####....
.... ##....#.#### #....
#### #.##......####...
###.###..##........
.........#######...
........## #...
.........# ....
.........# .#...


You could see a gnoll.

Vanquished Creatures
  A dart slug (D:1)
  An endoplasm (D:1)
  A kobold (D:1)
  A bat (D:1)
  2 rats (D:1)
6 creatures vanquished.

Notes
Turn   | Place    | Note
-------+----------+-------------------------------------------
     0 | D:1      | Valens254 the Djinni Hedge Wizard began the quest for the
                  | Orb.
     0 | D:1      | Valens254 set off with the following spells memorised:
                  | Magic Dart, Slow, Blink, Call Imp, Mephitic Cloud.
     0 | D:1      | Reached XP level 1. HP: 15/15 MP: 0/0
   115 | D:1      | Found a faded altar of an unknown god.
   161 | D:1      | Reached XP level 2. HP: 10/21 MP: 0/0
   221 | D:1      | Slain by a gnoll

Illustrated notes

Levels and vault maps discovered:
D:1:      dpeg_arrival_boxorama, layout_rooms, ebering_ecumenical_altar_rust

Action                     || total
---------------------------++-------
  Melee: Dagger            ||     2
   Cast: Magic Dart        ||    19
  Dodge: Dodged            ||     2
